Map: Crête de Lerilak

Players

Kingen - Winner!

  • Race: Zerg Zerg
  • League: Gold
  • Spawn Location: 11:00

zidar

  • Race: Zerg Zerg
  • League: Silver
  • Spawn Location: 1:00

VOD

Have the link to the VOD?

Description

Time

  • Played on: Jan. 15, 2016, 8:39 a.m.
  • Length: 6:55
Show
View Real Time Build Order
Export as new Build Order

Kingen Zerg - Winner!

Build Orders: Hatch First 

Get SALT Encoding   

  12  0:01  Drone  
  13  0:12  Overlord  
  13  0:18  Drone  
  14  0:23  Extractor  
  14  0:24  Drone  
  15  0:31  Drone  
  16  0:36  Drone  
  17  0:46  Drone  
  18  1:00  Hatchery  
  17  1:04  Drone  
  17  1:07  Drone  
  19  1:19  Extractor, Drone  
  19  1:26  Spawning Pool  
  19  1:29  Drone  
  19  1:44  Drone  
  20  1:51  Overlord  
  20  2:12  Queen  
  20  2:13  Queen  
  20  2:15  Zergling x6  
  27  2:24  Roach Warren  
  27  2:25  Drone  
  27  2:26  Metabolic Boost  
  27  2:29  Zergling x2  
  28  2:42  Drone  
  28  2:43  Drone x2  
  31  2:58  Zergling x6  
  34  3:18  Roach  
  36  3:20  Overlord x3  
  36  3:24  Lair  
  36  3:31  Evolution Chamber  
  36  3:33  Evolution Chamber  
  34  3:35  Extractor, Drone  
  34  3:36  Drone x2  
  36  3:45  Roach x2  
  40  4:08  Zerg Melee Weapons Level 1  
  40  4:14  Zergling x2  
  40  4:15  Zergling x12  
  40  4:16  Zergling x2  
  48  4:19  Drone x2  
  48  4:21  Drone  
  50  4:30  Drone  
  51  5:00  Hatchery  
  51  5:05  Drone x5  
  51  5:06  Roach x2  
  59  5:08  Overlord  
  59  5:25  Extractor, Drone  
  61  5:28  Roach x2  
  61  5:29  Roach  
  65  5:53  Overlord x3  
  65  6:16  Roach x4  
  65  6:17  Roach x3  
  65  6:18  Zergling x6  
  82  6:32  Roach x3  
  88  6:33  Zergling x2  
Show
View Real Time Build Order
Export as new Build Order

zidar Zerg 

Build Orders: Pool First 

Get SALT Encoding   

  12  0:02  Drone  
  13  0:14  Overlord  
  13  0:17  Drone  
  14  0:35  Drone x2  
  15  0:38  Drone  
  17  0:52  Spawning Pool  
  17  0:55  Extractor, Drone  
  16  0:57  Drone  
  17  1:25  Hatchery  
  16  1:40  Roach Warren  
  16  1:45  Queen  
  17  1:54  Zergling x4  
  19  2:15  Drone x2  
  21  2:47  Queen  
  21  2:50  Drone  
  27  2:51  Drone x4  
  28  3:29  Overlord  
  28  3:30  Overlord x2  
  28  3:50  Roach  
  28  3:51  Roach x5  
  40  4:09  Lair  
  40  4:28  Drone x8  
  48  4:52  Ravager  
  49  4:53  Ravager x3  
  52  5:02  Overlord x3  
  52  5:44  Drone  
  52  5:48  Roach  
  52  5:49  Roach x5  
  65  5:50  Zergling x2  
  65  5:51  Zergling x4  
  68  5:59  Extractor  
  67  6:10  Hatchery  
  66  6:13  Roach  
Tags
 
Add a new tag
Caveats
  • Supply blocks, unpowered buildings, or Contaminate may cause inaccurate times.
  • Supply counts are checked every 10 seconds.